 Dungeon Crawl Stone Soup version 0.24.0-13-gcf9b319 (webtiles) character file.

Game seed: 5142161697269729142, levelgen mode: deterministic

241 Fortress the Conjurer (level 5, -1/38 HPs)
             Began as a Draconian Conjurer on Jan 23, 2020.
             Slain by an adder (4 damage)
             ... on level 6 of the Dungeon on Jan 24, 2020.
             The game lasted 00:15:22 (3187 turns).

Fortress the Conjurer (Draconian Conjurer)          Turns: 3187, Time: 00:15:23

Health: -1/38      AC:  7    Str: 10    XL:     5   Next: 80%
Magic:  10/10      EV: 12    Int: 17    God:
Gold:   87         SH:  0    Dex: 11    Spells: 10/11 levels left

rFire    . . .     SeeInvis .   a - +1 whip (elec)
rCold    . . .     Gourm    .   (no shield)
rNeg     . . .     Faith    .   (armour unavailable)
rPois    .         Spirit   .   (helmet restricted)
rElec    .         Reflect  .   n - +1 cloak
rCorr    .         Harm     .   (no gloves)
MR       .....                  (no boots)
Stlth    ++........             (no amulet)
HPRegen  0.12/turn              l - ring of flight
MPRegen  0.12/turn              (no ring)

@: very slightly contaminated
A: unfitting armour, cold-blooded, AC +5
a: Evoke Flight


You were on level 6 of the Dungeon.
You were hungry.

You visited 1 branch of the dungeon, and saw 5 of its levels.

You collected 87 gold pieces.

Inventory:

Hand Weapons
 a - a +1 whip of electrocution (weapon)
Missiles
 f - 9 poisoned darts (quivered)
Armour
 k - a +2 buckler
 n - a +1 cloak (worn)
Jewellery
 l - a ring of flight (left hand)
Wands
 d - a wand of random effects (16)
Scrolls
 j - a scroll of immolation
Potions
 c - a potion of curing
 e - a potion of brilliance {unknown}
 m - a potion of magic
 p - a potion of heal wounds {unknown}
Comestibles
 b - 7 rations


   Skills:
 - Level 2.0 Dodging
 - Level 2.0 Stealth
 + Level 3.7 Spellcasting
 + Level 6.0 Conjurations


You had 10 spell levels left.
You knew the following spells:

 Your Spells              Type           Power        Failure   Level  Hunger
a - Magic Dart            Conj           ###.         1%          1    None

Your spell library contained the following spells:

 Spells                   Type           Power        Failure   Level  Hunger
 Searing Ray              Conj           ###...       1%          2    ##.....
 Iskenderun's Mystic Bla  Conj           ###.....     13%         4    ####...
 Dazzling Spray           Conj/Hex       ##....       14%         3    ###....
 Force Lance              Conj/Tloc      ##......     43%         4    ####...
 Fulminant Prism          Conj/Hex       ##........   43%         4    ####...


Dungeon Overview and Level Annotations

Branches:
Dungeon (6/15)
 Temple: D:4-7

Altars:


Innate Abilities, Weirdness & Mutations

Your plain brown scales are hard. (AC +5)
You cannot fit into any form of body armour.
You are cold-blooded and may be slowed by cold attacks.


Message History

It was a potion of magic.
Magic courses through your body.
The centaur hits you but does no damage.
The adder closely misses you.
The worker ant zombie waves its antennae.
The centaur hits you.
* * * LOW HITPOINT WARNING * * *
Really read the scroll of immolation?
As you read the scroll of immolation, it crumbles to dust.
The creatures around you are filled with an inner flame!
The centaur hits you.
* * * LOW HITPOINT WARNING * * *
The adder misses you.
You barely miss the adder. The centaur closely misses you.
The adder misses you. The centaur closely misses you.
The adder barely misses you.
You closely miss the adder.
Your tail-slap misses the adder.
The centaur hits you.
* * * LOW HITPOINT WARNING * * *
The adder bites you.
You die... #. #. .. ##>## .... #ho

#S#
#@#
#c#
#.#
.>#
..#
....
.###
##


You could see a centaur (inner flame), a hound (inner flame), an adder (inner
flame) and an orc.

Vanquished Creatures
  An orc priest (D:3)
  2 orc wizards
  3 gnolls (D:2)
  2 adders
  An ooze (D:2)
  4 dart slugs (D:2)
  5 leopard geckos
  5 orcs (D:3)
  12 goblins
  10 hobgoblins
  2 jackals (D:1)
  14 kobolds
  2 quokkas
  3 ball pythons
  10 bats
  4 frilled lizards
  A giant cockroach zombie (D:6)
  7 rats
88 creatures vanquished.

Notes
Turn   | Place    | Note
-------+----------+-------------------------------------------
     0 | D:1      | Fortress the Draconian Conjurer began the quest for the
                  | Orb.
     0 | D:1      | Reached XP level 1. HP: 14/14 MP: 3/3
   271 | D:1      | Reached XP level 2. HP: 20/20 MP: 0/5
   313 | D:1      | You fall into a shaft and drop 1 floor!
   793 | D:1      | Reached XP level 3. HP: 26/26 MP: 4/6
  1257 | D:1      | Reached skill level 5 in Conjurations
  1886 | D:2      | Reached XP level 4. HP: 33/33 MP: 5/7
  2522 | D:2      | Reached XP level 5. HP: 22/38 MP: 0/9
  2999 | D:3      | Reached skill level 6 in Conjurations
  3115 | D:3      | You fall into a shaft and drop 3 floors!
  3171 | D:6      | Noticed a centaur
  3177 | D:5      | Entered Level 5 of the Dungeon
  3177 | D:5      | Noticed a centaur
  3178 | D:5      | Noticed a centaur
  3187 | D:6      | Slain by an adder

Levels and vault maps discovered:
D:1:      noname_arrival_rooms_in_the_neighbourhood, layout_loops_corners,
          minivault_19
D:2:      layout_loops_ring, first_ration
D:3:      layout_rooms, kennysheep_flooded_box, uniq_robin
D:5:      layout_loops_ring, kennysheep_mini, chei_slow_surprise, uniq_sigmund,
          uniq_blork_the_orc, uniq_ijyb
D:6:      minmay_chambers_of_fours, layout_rooms,
          gammafunk_temple_overflow_arena, cheibrodos_sewer_entry_bend

Skill      XL: |  1  2  3  4  5 |
---------------+----------------+-----
Dodging        | 2 |  2.0
Stealth        | 2 |  2.0
Conjurations   | 5 6 |  6.0
Spellcasting   | 3 |  3.7

Action                   |  1- 3 |  4- 6 || total
-------------------------+-------+-------++-------
Melee: Unarmed           |     5 |       ||     5
       Tailslap          |     4 |     2 ||     6
       Whip              |     7 |    27 ||    34
 Cast: Magic Dart        |    84 |    88 ||   172
  Use: Scroll            |       |     8 ||     8
       Potion            |       |     3 ||     3
 Stab: Sleeping          |       |     1 ||     1
  Eat: Chunk             |     4 |       ||     4
       Ration            |       |     1 ||     1
Armor: Skin              |     9 |    11 ||    20
Dodge: Dodged            |    20 |    34 ||    54
